 Dungeon Crawl Stone Soup version 0.22.1-1-ga44c0e56f4 (webtiles) character file.

69345 Gargoyl the Schismatic (level 14, -4/107 HPs)
             Began as a Centaur Abyssal Knight on Nov 10, 2018.
             Was an Elder of Lugonu.
             Slain by a death knight
             ... wielding a +0 battleaxe
              (15 damage)
             ... on level 13 of the Dungeon on Nov 12, 2018.
             The game lasted 00:44:36 (27934 turns).

Gargoyl the Schismatic (Centaur Abyssal Knight)    Turns: 27934, Time: 00:44:36

Health: -4/107     AC: 23    Str: 17      XL:     14   Next: 90%
Magic:  23/23      EV:  8    Int:  8 (9)  God:    Lugonu [****..]
Gold:   778        SH: 10    Dex: 12      Spells: 13/13 levels left

rFire    + . .     SeeInvis .   B - +3 hand axe (elec)
rCold    + . .     Gourm    .   v - +0 shield
rNeg     . . .     Faith    .   x - +2 ring mail {MR+}
rPois    +         Spirit   .   d - +1 helmet
rElec    +         Reflect  .   o - +0 cloak {rPois}
rCorr    .         Harm     .   D - +0 pair of gloves
MR       +....     Rnd*Rage +   z - +3 centaur barding {rC+}
Stlth    ..........             b - amulet of regeneration
HPRegen  0.67/turn              k - ring of protection from magic
MPRegen  0.18/turn              u - +5 ring of slaying

@: vulnerable, drained, very quick
A: large, hooves 3, berserk 1, deformed body, dopey 1, fire resistance 1, speed
2, frail 1, electricity resistance, tough skin 3
a: Depart the Abyss, Bend Space, Banish, Corrupt, Renounce Religion


You were on level 13 of the Dungeon.
You worshipped Lugonu.
Lugonu was greatly pleased with you.
You were hungry.

You visited 2 branches of the dungeon, and saw 19 of its levels.
You visited the Abyss 2 times.
You also visited: Labyrinth.

You collected 1159 gold pieces.
You spent 381 gold pieces at shops.

Inventory:

Hand Weapons
 a - a +6 hand axe
 B - a +3 hand axe of electrocution (weapon)
 H - a +2 broad axe of pain
Missiles
 j - 27 tomahawks (quivered)
Armour
 d - a +1 helmet (worn)
 o - a +0 cloak of poison resistance (worn)
 v - a +0 shield (worn)
 x - a +2 ring mail of magic resistance (worn)
 z - a +3 centaur barding of cold resistance (worn)
 D - a +0 pair of gloves (worn)
Jewellery
 b - an amulet of regeneration (around neck)
 f - an uncursed ring of flight
 k - a ring of protection from magic (left hand)
 q - an uncursed ring of resist corrosion
 u - a +5 ring of slaying (right hand)
 A - a cursed ring of protection from fire
 M - an uncursed ring of positive energy
 R - an uncursed ring of wizardry
Wands
 g - a wand of digging (8)
 h - a wand of flame (55)
 i - a wand of random effects (57)
 n - a wand of iceblast (40)
 p - a wand of polymorph (20)
 t - a wand of paralysis (20)
 y - a wand of disintegration (52)
 K - a wand of acid (7)
Scrolls
 e - 9 scrolls of teleportation
 l - 12 scrolls of remove curse
 m - 8 scrolls of identify
 w - 5 scrolls of fear
 C - 2 scrolls of blinking
 G - 4 scrolls of fog
 Q - a scroll of summoning
Potions
 r - 3 potions of flight
 s - 3 potions of invisibility
 E - 4 potions of magic
 F - 4 potions of curing
 I - 2 potions of brilliance
 J - a potion of resistance
 L - 2 potions of might
 N - a potion of heal wounds
 O - 4 potions of agility
Comestibles
 c - 23 rations


   Skills:
 + Level 9.8(9.4) Fighting
 + Level 12.7(12.3) Axes
 + Level 2.5(2.2) Throwing
 * Level 10.1(9.8) Armour
 + Level 6.3(5.9) Dodging
 + Level 6.4(6.1) Shields
 * Level 12.9(12.5) Invocations


You had 13 spell levels left.
You didn't know any spells.
Your spell library contained the following spells:

 Spells                   Type           Power        Failure   Level  Hunger
 Animate Skeleton         Necr           N/A          78%         1    ##.....
 Freeze                   Ice            #...         78%         1    ##.....
 Pain                     Necr           #...         78%         1    ##.....
 Summon Butterflies       Summ           #.......     78%         1    ##.....
 Throw Frost              Conj/Ice       #.....       89%         2    ###....
 Call Canine Familiar     Summ           #.......     98%         3    ####...
 Ozocubu's Armour         Chrm/Ice       #.......     98%         3    ####...
 Regeneration             Chrm/Necr      #.........   98%         3    ####...
 Vampiric Draining        Necr           #.........   98%         3    ####...
 Animate Dead             Necr           N/A          100%        4    #####..
 Cause Fear               Hex            #.........   100%        4    #####..
 Summon Ice Beast         Ice/Summ       #.......     100%        4    #####..
 Throw Icicle             Conj/Ice       #.......     100%        4    #####..
 Silence                  Hex/Air        #.........   100%        5    ######.
 Summon Mana Viper        Hex/Summ       #.......     100%        5    ######.
 Yara's Violent Unravell  Hex/Tmut       #.........   100%        5    ######.
 Deflect Missiles         Chrm/Air       #.........   100%        6    #######
 Summon Hydra             Summ           #.........   100%        7    #######
 Discord                  Hex            #.........   100%        8    #######


Dungeon Overview and Level Annotations

Branches:
Dungeon (13/15)            Temple (0/1) D:5            Lair (6/6) D:11
 Shoals (0/4) Lair:4        Snake (0/4) Lair:4        Slime (0/5) Lair:6
    Orc (0/2) D:9
 Vaults: D:13-14

Altars:
Cheibriados
Fedhas
Vehumet
Xom
Beogh

Shops:
D:9 ?[   D:11 %

Annotations:
D:7 Prince Ribbit
Abyss:1 Grinder


Innate Abilities, Weirdness & Mutations

You have hooves in place of feet.
Armour fits poorly on your strangely shaped body.
You cover ground very quickly.
You have extremely tough skin. (AC +3)
You tend to lose your temper in combat.
You are dopey. (Int -2)
Your flesh is heat resistant. (rF+)
You are frail. (-10% HP)
You are resistant to electric shocks. (rElec)


Message History

* * * LOW HITPOINT WARNING * * *
You block the wight's attack.
You closely miss the death knight.
The death knight is severely wounded.
You hit the wight. Lightning courses through the wight!
You destroy the wight!
Lugonu accepts your kill.
You hit the phantasmal warrior but do no damage.
Lightning courses through the phantasmal warrior!
The death knight offers itself to Yredelemnul, and fills with unholy energy.
The phantasmal warrior hits you but does no damage.
The wight closely misses you.
You hit the death knight. You kick the death knight.
The death knight is almost dead.
You hit the phantasmal warrior but do no damage.
Lightning courses through the phantasmal warrior!
The death knight reflects your damage back at you!
* * * LOW HITPOINT WARNING * * *
The death knight hits you with a battleaxe!
You die...

..# #..# #..#
#..##### #.
#.......
##..#####......
......z.W..#
.....zp@...#
#..######..#
#..# #..###
#....# #####
#..#.#####...#
#............#
#...#.#.#.#..#
#...#######..#


You could see a death knight, a phantasmal warrior and 2 wights.

Vanquished Creatures
  A tentacled starspawn (Abyss:1)
  A vampire knight (D:13)
  A minotaur (Lab)
  Josephine (Lair:4)
  A fire dragon (Lair:6)
  Harold (Lair:1)
  2 catoblepae
  A queen ant (Lair:4)
  A two-headed ogre (D:10)
  Urug (Lair:4)
  A swamp dragon (Lair:6)
  A large abomination (Abyss:1)
  Pikel (D:9)
  2 phantasmal warriors (D:13)
  A deep elf mage (D:12)
  An ugly thing (D:11)
  2 manticores
  2 oklob plants (Lair:6)
  2 cyclopes
  A centaur zombie (D:12)
  Joseph (D:7)
  5 black mambas
  An apocalypse crab (Abyss:2)
  2 centaur skeletons (D:12)
  6 spiny frogs
  10 rime drakes
  A kobold demonologist (D:12)
  5 komodo dragons (Lair:6)
  A freezing wraith (D:13)
  A minotaur skeleton (Lab)
  3 trolls
  An ancient zyme (Abyss:1)
  A tyrant leech (D:13)
  10 polar bears
  2 hornets
  3 raiju (Lair:6)
  3 hippogriffs
  20 blink frogs
  18 dream sheep
  A meliai zombie (D:11)
  2 small abominations (Abyss:1)
  A spriggan (D:7)
  A yak (shapeshifter) (D:13)
  A shadow (D:13)
  3 vampires
  A water elemental (D:12)
  A redback (Lab)
  6 wraiths
  28 yaks
  4 basilisks
  6 wyverns
  3 steam dragons (Lair:6)
  2 hungry ghosts
  6 vampire mosquitoes
  A neqoxec (Abyss:1)
  4 wargs
  A chaos spawn (Abyss:1)
  7 water moccasins
  3 acid dragons
  A naga (Lair:4)
  8 soldier ants
  14 porcupines
  14 hell hounds (Lair:6)
  17 black bears
  4 slaves (D:7)
  5 orc warriors
  2 sky beasts
  3 ice beasts
  An eye of draining (D:12)
  6 ogres
  6 phantoms
  18 wolves
  6 centaurs
  22 crocodiles
  4 big kobolds
  19 bullfrogs
  A wyvern zombie (D:12)
  An earth elemental (Lab)
  6 scorpions
  10 wights
  9 killer bees
  6 howler monkeys
  An electric eel (Lair:5)
  4 bullfrog zombies
  5 crimson imps
  A bullfrog skeleton (D:12)
  Crazy Yiuf (D:5)
  5 orc priests
  5 hounds
  5 jellies
  An iron imp (D:7)
  Ijyb (D:3)
  3 iguanas
  15 orc wizards
  32 worker ants
  A hound zombie (D:5)
  3 hound skeletons
  2 worker ant zombies
  9 adders
  3 gnolls (D:6)
  A shadow imp (D:8)
  7 oozes (D:4)
  3 adder skeletons (D:8)
  An adder zombie (D:9)
  2 worms
  3 leopard geckos
  76 orcs
  6 giant cockroaches
  6 goblins
  3 hobgoblins (D:1)
  19 jackals
  6 quokkas
  2 ball pythons
  6 bats
  3 frilled lizards
  25 kobolds
  A quokka zombie (D:9)
  8 rats
  11 fungi
  8 plants
  A starspawn tentacle (Abyss:1)
679 creatures vanquished.

Vanquished Creatures (collateral kills)
  2 spiny frogs (Lair:4)
  A worker ant (Lair:4)
3 creatures vanquished.

Vanquished Creatures (others)
  An entropy weaver (Lair:4)
  A vampire knight (D:13)
  6 hydras
  2 two-headed ogres
  3 oklob plants (Lair:6)
  An orc warrior (D:6)
  20 fungi
  11 plants
  2 starspawn tentacles (Abyss:1)
  8 toadstools (D:4)
55 creatures vanquished.

Grand Total: 737 creatures vanquished

Notes
Turn   | Place    | Note
-------+----------+-------------------------------------------
     0 | Abyss:1  | Gargoyl the Centaur Abyssal Knight began the quest for the
                  | Orb.
     0 | Abyss:1  | Reached XP level 1. HP: 19/19 MP: 2/2
    55 | Abyss:1  | Noticed a ynoxinul
    57 | D:1      | Escaped the Abyss
   293 | D:1      | Reached XP level 2. HP: 26/26 MP: 3/3
   306 | D:1      | Reached * piety under Lugonu
  1091 | D:2      | Reached XP level 3. HP: 18/31 MP: 4/4
  1233 | D:2      | Found a faded altar of an unknown god.
  2524 | D:3      | Reached skill level 1 in Dodging
  2533 | D:3      | Reached XP level 4. HP: 21/38 MP: 6/6
  2660 | D:3      | Noticed Ijyb
  2880 | D:3      | Killed Ijyb
  2924 | D:3      | Reached XP level 5. HP: 42/45 MP: 7/7
  3267 | D:3      | Reached ** piety under Lugonu
  3787 | D:4      | Reached XP level 6. HP: 24/51 MP: 8/8
  4620 | D:4      | Reached XP level 7. HP: 26/58 MP: 9/9
  5473 | D:4      | Reached *** piety under Lugonu
  5640 | D:5      | Entered Level 5 of the Dungeon
  5718 | D:5      | Found a blossoming altar of Fedhas.
  6080 | D:5      | Found a staircase to the Ecumenical Temple.
  6301 | D:5      | Noticed Grinder
  6313 | D:5      | Gained mutation: You are robust. (+10% HP) [potion of
                  | mutation]
  6313 | D:5      | Gained mutation: You are weak. (Str -2) [potion of
                  | mutation]
  6313 | D:5      | Gained mutation: Your mind is acute. (Int +2) [potion of
                  | mutation]
  6314 | D:5      | Paralysed by Grinder for 3 turns
  6326 | D:5      | Banished Grinder
  6326 | D:5      | Reached XP level 8. HP: 34/72 MP: 11/11
  6532 | D:5      | Lost mutation: You are weak. (Str -2) [potion of mutation]
  6532 | D:5      | Lost mutation: You are robust. (+10% HP) [potion of
                  | mutation]
  6532 | D:5      | Lost mutation: Your mind is acute. (Int +2) [potion of
                  | mutation]
  6532 | D:5      | Gained mutation: You tend to lose your temper in combat.
                  | [potion of mutation]
  6532 | D:5      | Gained mutation: Your spells are a little easier to cast,
                  | but a little less powerful. [potion of mutation]
  6532 | D:5      | Gained mutation: You are dopey. (Int -2) [potion of
                  | mutation]
  6532 | D:5      | Gained mutation: You are resistant to electric shocks.
                  | (rElec) [potion of mutation]
  6739 | D:5      | Reached skill level 5 in Axes
  6785 | D:5      | Found a runed door.
  7084 | D:5      | Noticed Crazy Yiuf
  7088 | D:5      | Killed Crazy Yiuf
  7163 | D:6      | Reached skill level 5 in Invocations
  7664 | D:6      | Reached skill level 5 in Armour
  8287 | D:7      | Noticed Joseph
  8316 | D:7      | Killed Joseph
  8316 | D:7      | Reached skill level 5 in Fighting
  8316 | D:7      | Reached XP level 9. HP: 43/74 MP: 13/13
  8811 | D:7      | Noticed Prince Ribbit
  8867 | D:7      | Noticed Pikel
  9391 | D:7      | Found a snail-covered altar of Cheibriados.
  9593 | D:7      | Reached skill level 1 in Shields
  9837 | D:8      | Reached **** piety under Lugonu
 10009 | D:8      | Found a roughly hewn altar of Beogh.
 10074 | D:7      | HP: 3/74 [poisoned by an orc]
 10079 | D:7      | HP: 3/74 [poisoned by an orc]
 10086 | D:7      | HP: 2/74 [poisoned by an orc]
 10094 | D:7      | HP: 2/74 [poisoned by an orc]
 11165 | D:8      | Noticed a two-headed ogre
 11221 | D:8      | Banished a two-headed ogre
 11221 | D:8      | Reached XP level 10. HP: 26/83 MP: 15/15
 11740 | D:9      | Found Xotsecva's Magic Scroll Emporium.
 11745 | D:9      | Bought a scroll of enchant weapon for 82 gold pieces
 11745 | D:9      | Bought a scroll of enchant weapon for 82 gold pieces
 11745 | D:9      | Identified a scroll of acquirement
 11990 | D:9      | Found a shimmering altar of Xom.
 12764 | D:9      | Noticed a two-headed ogre
 12767 | D:9      | Found a staircase to the Orcish Mines.
 12793 | D:10     | Entered Level 10 of the Dungeon
 13485 | D:9      | Reached ***** piety under Lugonu
 13485 | D:9      | Banished a two-headed ogre
 14018 | D:9      | Found Hosuc's Antique Armour Boutique.
 14026 | D:9      | Bought a pair of embroidered gloves for 217 gold pieces
 14052 | D:9      | Killed Pikel
 14437 | D:10     | Noticed a two-headed ogre
 14441 | D:10     | Reached skill level 1 in Throwing
 14448 | D:10     | Killed a two-headed ogre
 14968 | D:10     | Reached XP level 11. HP: 71/90 MP: 17/17
 15667 | D:11     | Found a labyrinth entrance.
 15693 | Lab      | Entered a labyrinth
 16298 | Lab      | Noticed a minotaur
 16308 | Lab      | Killed a minotaur
 16534 | D:11     | Found a staircase to the Lair.
 16985 | D:11     | Found Furrir's Food Shoppe.
 17139 | D:11     | Noticed a brown ugly thing
 17145 | D:11     | Noticed a six-headed hydra
 17151 | D:11     | Killed a brown ugly thing
 17152 | D:11     | Banished a six-headed hydra
 17544 | Lair:1   | Entered Level 1 of the Lair of Beasts
 17622 | Lair:1   | Got a twisted scale mail
 17633 | Lair:1   | Identified the +1 scale mail of Woezufoipt {rPois Str+3
                  | Slay-3 SInv} (You found it on level 1 of the Lair of
                  | Beasts)
 17935 | Lair:1   | Noticed Harold
 17942 | Lair:1   | Killed Harold
 18708 | Lair:2   | Reached XP level 12. HP: 88/100 MP: 19/19
 19646 | Lair:3   | Reached skill level 10 in Axes
 19859 | Lair:3   | Reached skill level 10 in Invocations
 20066 | Lair:3   | Got a shimmering morningstar
 20067 | Lair:3   | Identified the +6 morningstar of Wuyvaj {venom, -Tele +Inv
                  | rN+} (You found it on level 3 of the Lair of Beasts)
 20220 | Lair:4   | Found a staircase to the Shoals.
 20246 | Lair:4   | Noticed Urug
 20272 | Lair:4   | Killed Urug
 20486 | Lair:4   | Reached ****** piety under Lugonu
 20494 | Lair:4   | Noticed an entropy weaver
 20494 | Lair:4   | Noticed a queen ant
 20494 | Lair:4   | Noticed an entropy weaver
 20512 | Lair:4   | Banished an entropy weaver
 20515 | Lair:4   | Killed a queen ant
 20703 | Lair:4   | Banished an entropy weaver
 20953 | Lair:4   | Reached skill level 5 in Dodging
 21022 | Lair:4   | Reached XP level 13. HP: 78/107 MP: 21/21
 21073 | Lair:4   | You fall through a shaft!
 21446 | Lair:4   | Found a staircase to the Snake Pit.
 21447 | Lair:4   | Noticed Josephine
 21464 | Lair:4   | Killed Josephine
 22816 | Lair:6   | Entered Level 6 of the Lair of Beasts
 22838 | Lair:6   | Reached skill level 5 in Shields
 23681 | Lair:6   | Noticed a fire dragon
 23709 | Lair:6   | Killed a fire dragon
 24317 | Lair:6   | Found a staircase to the Slime Pits.
 24350 | Lair:6   | Lost mutation: Your spells are a little easier to cast, but
                  | a little less powerful. [potion of mutation]
 24350 | Lair:6   | Lost mutation: You tend to lose your temper in combat.
                  | [potion of mutation]
 24350 | Lair:6   | Gained mutation: You are frail. (-10% HP) [potion of
                  | mutation]
 24350 | Lair:6   | Gained mutation: Your flesh is heat resistant. (rF+)
                  | [potion of mutation]
 24364 | Lair:6   | Reached XP level 14. HP: 69/106 MP: 17/22
 27021 | D:13     | Reached skill level 10 in Armour
 27213 | D:13     | Found a radiant altar of Vehumet.
 27353 | D:13     | Noticed a vampire knight
 27550 | Abyss:1  | Gained mutation: You tend to lose your temper in combat. [a
                  | neqoxec]
 27619 | Abyss:1  | Noticed a tentacled starspawn
 27625 | Abyss:1  | Killed a tentacled starspawn
 27736 | Abyss:3  | Noticed an ancient lich
 27753 | D:13     | Escaped the Abyss
 27754 | D:13     | Banished a vampire knight
 27758 | D:13     | Noticed a vampire knight
 27772 | D:13     | Killed a vampire knight
 27883 | D:13     | Found the +12 Vampire's Tooth {vamp}
 27934 | D:13     | Slain by a death knight

Skill      XL: |  1  2  3  4  5  6  7  8  9 10 11 12 13 14 |
---------------+-------------------------------------------+-----
Armour         | 2 3 4 5 6 7 8 9 10 | 10.1
Axes           | 2 3 4 6 7 8 9 10 11 12 | 12.7
Dodging        | 1 2 3 4 5 6 |  6.3
Invocations    | 3 4 5 7 8 9 10 11 12 | 12.9
Fighting       | 4 5 6 7 8 9 |  9.8
Shields        | 1 2 3 4 5 6 |  6.4
Throwing       | 1 2 |  2.5

Action                   |  1- 3 |  4- 6 |  7- 9 | 10-12 | 13-15 || total
-------------------------+-------+-------+-------+-------+-------++-------
Melee: Hand axe          |   131 |   176 |   481 |   674 |   826 ||  2288
       Kick              |    11 |    30 |   122 |   188 |   271 ||   622
Throw: Tomahawk          |       |       |     3 |     6 |    10 ||    19
Invok: Depart the Abyss  |     1 |       |       |       |     1 ||     2
       Banish            |       |       |     6 |     5 |    15 ||    26
       Bend Space        |       |       |       |       |     1 ||     1
       Enter the Abyss   |       |       |       |       |     1 ||     1
Evoke: Wand              |       |       |     1 |     1 |       ||     2
  Use: Scroll            |     9 |       |     4 |    16 |     5 ||    34
       Potion            |     3 |     3 |    10 |     3 |     4 ||    23
 Stab: Invisible         |       |       |     1 |       |       ||     1
       Petrified         |       |       |       |       |     1 ||     1
  Eat: Chunk             |     3 |     5 |    10 |    13 |    14 ||    45
       Ration            |       |       |     4 |     7 |     3 ||    14
Armor: Leather armour    |    81 |    17 |       |       |       ||    98
       Skin              |       |     7 |       |       |       ||     7
       Ring mail         |       |   118 |   208 |   337 |   473 ||  1136
Dodge: Dodged            |    80 |    81 |   134 |   146 |   203 ||   644
Block: Shield            |       |       |   102 |   249 |   410 ||   761
